 Dungeon Crawl Stone Soup version 0.20-a0-268-gb6bde61 (webtiles) character file.

4624 ololoev the Thaumaturge (level 10, -5/50 HPs)
             Began as a Deep Elf Earth Elementalist on Dec 7, 2016.
             Was a Follower of Vehumet.
             Slain by a blink frog (14 damage)
             ... on level 1 of the Lair of Beasts.
             The game lasted 00:22:49 (2712 turns).

ololoev the Thaumaturge (DEEE)                      Turns: 2712, Time: 00:22:50

Health: -5/50      AC:  5    Str:  5    XL:     10   Next: 19%
Magic:  19/29      EV: 13    Int: 24    God:    Vehumet [*.....]
Gold:   431        SH:  0    Dex: 15    Spells: 19/35 levels left

rFire  . . .     SeeInvis .     b - 55 stones
rCold  . . .     Gourm    .     c - +0 robe
rNeg   . . .     Faith    .     (no shield)
rPois  .         Spirit   .     I - +0 helmet
rElec  .         Reflect  .     (no cloak)
rCorr  .         Harm     .     u - +0 pair of gloves
MR     ++...                    y - +0 pair of boots
Stlth  ++........               (no amulet)
                                (no ring)
                                B - ring of protection from magic

@: no status effects
A: no striking features
a: Renounce Religion

Inventory:

Hand Weapons
 a - a -2 scythe
Missiles
 b - 55 stones (in hand)
Armour
 c - a +0 robe (worn)
 h - a +0 buckler
 u - a +0 pair of gloves (worn)
 y - a +0 pair of boots (worn)
 I - a +0 helmet (worn)
Jewellery
 B - a ring of protection from magic (left hand)
Wands
 p - a wand of confusion (24/48)
 x - a wand of lightning (2/15)
 G - a wand of confusion (29/48)
Scrolls
 m - a scroll of recharging
 n - 2 scrolls of fog
 o - 3 scrolls of remove curse
 r - a scroll of noise {unknown}
 s - a scroll of magic mapping
 v - 2 scrolls of amnesia
 C - a scroll of enchant armour {unknown}
 F - a scroll of brand weapon {unknown}
Potions
 i - 2 potions of cure mutation {unknown}
 k - 3 potions of degeneration {unknown}
 l - 2 potions of heal wounds {unknown}
 t - a potion of brilliance {unknown}
 z - 3 potions of curing
 D - 2 potions of ambrosia {unknown}
 H - 2 potions of agility {unknown}
Books
 e - a book of Geomancy

   Spells                             Type                      Level
   a - Sandblast                      Earth                        1
   b - Passwall                       Transmutation/Earth          2
   c - Stone Arrow                    Conjuration/Earth            3
   d - Petrify                        Transmutation/Earth          4
   e - Lee's Rapid Deconstruction     Earth                        5
Comestibles
 d - 3 bread rations
 f - 26 fruits
 g - 2 royal jellies
 j - 3 slices of pizza
 A - a beef jerky
 E - 2 meat rations


   Skills:
 - Level 2.4 Dodging
 - Level 2.4 Stealth
 + Level 13.3 Spellcasting
 + Level 7.4 Conjurations
 - Level 1.1 Transmutations
 * Level 5.2 Fire Magic
 - Level 7.9 Earth Magic


You had 19 spell levels left.
You knew the following spells:

 Your Spells              Type           Power        Failure   Level  Hunger
a - Sandblast             Erth           ######       1%          1    None
b - Stone Arrow           Conj/Erth      ######       1%          3    None
c - Lee's Rapid Deconstr  Erth           ######....   4%          5    ###....
d - Petrify               Tmut/Erth      #####...     8%          4    None
e - Flame Tongue          Conj/Fire      #####        1%          1    None
w - Passwall              Tmut/Erth      #####.....   1%          2    None


You were on level 1 of the Lair of Beasts.
You worshipped Vehumet.
Vehumet was aware of your devotion.
You were not hungry.

You visited 2 branches of the dungeon, and saw 10 of its levels.

You collected 431 gold pieces.

P##. .## ....
... ..... ...
....? ...
#....####.###.
#...#........
#...F.F......
#@F....#
#..!.....
.......#.
.#......#
..+........ ..
#......#. #..
##....... ##
#.####.

Notes
Turn   | Place    | Note
-------+----------+-------------------------------------------
     0 | D:1      | ololoev the Deep Elf Earth Elementalist began the quest for the Orb.
     0 | D:1      | Reached XP level 1. HP: 10/10 MP: 6/6
    61 | D:1      | Reached XP level 2. HP: 15/15 MP: 4/8
   145 | D:1      | Reached skill level 4 in Spellcasting
   198 | D:2      | Reached XP level 3. HP: 16/19 MP: 2/10
   203 | D:2      | Learned a level 2 spell: Passwall
   207 | D:2      | Learned a level 3 spell: Stone Arrow
   301 | D:3      | Noticed an ice beast
   332 | D:2      | Reached skill level 5 in Spellcasting
   439 | D:2      | Reached XP level 4. HP: 19/24 MP: 7/13
   480 | D:2      | Found a shadowy altar of Dithmenos.
   490 | D:2      | Found a hide-covered altar of Uskayaw.
   611 | D:3      | Reached skill level 6 in Spellcasting
   613 | D:3      | Reached XP level 5. HP: 28/28 MP: 5/15
   657 | D:2      | Learned a level 5 spell: Lee's Rapid Deconstruction
   662 | D:2      | Learned a level 4 spell: Petrify
   835 | D:5      | Entered Level 5 of the Dungeon
   837 | D:5      | Reached skill level 7 in Spellcasting
   837 | D:5      | Reached skill level 1 in Conjurations
   843 | D:5      | Reached XP level 6. HP: 29/32 MP: 11/18
  1073 | D:5      | Reached skill level 5 in Earth Magic
  1115 | D:5      | Reached skill level 8 in Spellcasting
  1151 | D:6      | Found a runed door.
  1151 | D:6      | Noticed Sigmund
  1155 | D:6      | Reached XP level 7. HP: 27/36 MP: 16/20
  1160 | D:6      | Noticed a human
  1173 | D:6      | Killed Sigmund
  1174 | D:6      | Found a basalt altar of Yredelemnul.
  1185 | D:6      | Noticed Menkaure
  1195 | D:6      | Killed Menkaure
  1195 | D:6      | Reached skill level 9 in Spellcasting
  1406 | D:6      | Reached XP level 8. HP: 41/41 MP: 18/23
  1418 | D:6      | Goblin1989: Опять по-моему перерисовали что-то
  1539 | D:6      | Goblin1989: как-то по-новому выглядит
  1568 | D:7      | Reached skill level 10 in Spellcasting
  1672 | D:7      | Found a sacrificial altar of Ru.
  1672 | D:7      | Found an ancient bone altar of Kikubaaqudgha.
  1672 | D:7      | Found a radiant altar of Vehumet.
  1673 | D:7      | Found a shimmering altar of Xom.
  1678 | D:7      | Became a worshipper of Vehumet
  1930 | D:8      | Noticed a death yak
  1930 | D:8      | Noticed a death yak
  1931 | D:8      | ololoev: десяки на Д8?
  1931 | D:8      | ololoev: КАКОГО ХЕРА?
  1955 | D:8      | Killed a death yak
  1955 | D:8      | Reached skill level 11 in Spellcasting
  1955 | D:8      | Reached skill level 5 in Conjurations
  1955 | D:8      | Reached XP level 9. HP: 33/45 MP: 7/26
  2089 | D:8      | Found a staircase to the Lair.
  2094 | D:8      | Noticed a death yak
  2110 | D:8      | DEFE: А че было
  2111 | D:8      | DEFE: зачем квит
  2111 | D:8      | Goblin1989: ну рандом же
  2111 | D:8      | ololoev: а там хз
  2111 | D:8      | ololoev: веха вроде не было долго
  2111 | D:8      | ololoev: и говено очен ьвсе шло
  2121 | D:8      | Reached skill level 12 in Spellcasting
  2136 | D:8      | Goblin1989: там по 6 лвл разброс по уровням кажется
  2136 | D:8      | Killed a death yak
  2162 | D:8      | Reached * piety under Vehumet
  2162 | D:8      | Offered knowledge of Flame Tongue by Vehumet.
  2172 | D:8      | Learned a level 1 spell: Flame Tongue
  2172 | D:8      | Goblin1989: ну то есть лэйер охранять могут дэсяки, да
  2173 | D:8      | DEFE: Ты не ФЕ что ли
  2175 | D:8      | ololoev: сейчас ЕЕ
  2175 | D:8      | DEFE: какой флейм тонгуе
  2175 | D:8      | DEFE: а
  2175 | D:8      | ololoev: я все колеблюсь между ними
  2218 | D:8      | Reached skill level 1 in Fire Magic
  2309 | D:9      | Found a burning altar of Makhleb.
  2425 | D:9      | Reached skill level 13 in Spellcasting
  2576 | D:8      | Killed a death yak
  2576 | D:8      | Reached XP level 10. HP: 28/50 MP: 1/29
  2649 | D:8      | Reached skill level 5 in Fire Magic
  2708 | Lair:1   | Entered Level 1 of the Lair of Beasts
  2712 | Lair:1   | Slain by a blink frog

Dungeon Overview and Level Annotations

Branches:
Dungeon (9/15)             Temple (0/1) D:7            Lair (1/6) D:8
    Orc: D:9-12

Altars:
Dithmenos
Kikubaaqudgha
Makhleb
Ru
Uskayaw
Vehumet
Xom
Yredelemnul

Annotations:
D:2 exclusion: 2 downstairs
D:6 1 runed door


Message History

You see here 9 gold pieces.
You now have 416 gold pieces (gained 9).
Casting: Sandblast
Confirm with . or Enter, or press ? or * to list all spells.
Okay, then.
You see here 15 gold pieces.
You now have 431 gold pieces (gained 15).
The hippogriff screeches!
Casting: Sandblast
Confirm with . or Enter, or press ? or * to list all spells.
You can't see any susceptible monsters within range! (Use Z to cast anyway.)
Casting: Sandblast
Confirm with . or Enter, or press ? or * to list all spells.
Aiming: Sandblast
Press: ? - help, Shift-Dir - straight line, f - hippogriff
Aim: a hippogriff The rocky blast hits the hippogriff.
The hippogriff is heavily wounded.
Casting: Sandblast
Confirm with . or Enter, or press ? or * to list all spells.
Aiming: Sandblast
Press: ? - help, Shift-Dir - straight line, f/p - hippogriff
Aim: a hippogriff (heavily wounded)
The rocky blast hits the hippogriff.
The hippogriff is heavily wounded.
The hippogriff closely misses you. The hippogriff pecks you!
The hippogriff barely misses you.
Casting: Sandblast
Confirm with . or Enter, or press ? or * to list all spells.
Aiming: Sandblast
Press: ? - help, Shift-Dir - straight line, f/p - hippogriff
Aim: a hippogriff (heavily wounded)
The rocky blast hits the hippogriff.
You kill the hippogriff!
Vehumet accepts your kill.
(D) Dungeon (T) Temple (L) Lair
Where to? (Enter - Lair:1, ? - help)
What level of the Lair of Beasts? (default 1, ? - help)
You see here a hell rat corpse.
There is a staircase to the Lair here.
You climb downwards.
Welcome to the Lair of Beasts!
You feel an oppressive heat about you.
There is an entrance to a volcano on this level.
Hurry and find it before the entrance collapses! 3 blink frogs come into view.
Found a fuming puce potion and a scroll of random uselessness.
There is a staircase back to the Dungeon here.
Casting: Sandblast
Confirm with . or Enter, or press ? or * to list all spells.
Aiming: Sandblast
Press: ? - help, Shift-Dir - straight line, f - blink frog
Aim: a blink frog (resting)
The rocky blast hits the blink frog.
The blink frog is heavily wounded.
The blink frog gives a loud, deep croak!
The blink frog croaks.
Casting: Sandblast
Confirm with . or Enter, or press ? or * to list all spells.
Aiming: Sandblast
Press: ? - help, Shift-Dir - straight line, f/p - blink frog
Aim: a blink frog (heavily wounded)
The rocky blast misses the blink frog.
The rocky blast hits the blink frog.
The blink frog is severely wounded.
The blink frog gives a loud, deep croak!
The blink frog misses you.
Casting: Sandblast
Confirm with . or Enter, or press ? or * to list all spells.
Aiming: Sandblast
Press: ? - help, Shift-Dir - straight line, f/p - blink frog
Aim: a blink frog (heavily wounded)
The rocky blast misses the blink frog.
The rocky blast hits the blink frog.
The blink frog is severely wounded.
The blink frog hits you! The blink frog hits you.
The blink frog blinks!
The blink frog hits you!
Casting: Sandblast
Confirm with . or Enter, or press ? or * to list all spells.
Aiming: Sandblast
Press: ? - help, Shift-Dir - straight line, f/p - blink frog
Aim: a blink frog (heavily wounded)
The rocky blast misses the blink frog.
The blink frog hits you!
You die...

You could see 3 blink frogs.

Vanquished Creatures
  3 death yaks (D:8)
  A hippogriff (D:8)
  Sigmund (D:6)
  Menkaure (D:6)
  A hungry ghost (D:9)
  A water moccasin (D:6)
  3 orc warriors
  An ice beast (D:8)
  A porcupine (D:8)
  A sky beast (D:7)
  An ogre (D:6)
  2 phantoms
  A centaur (D:8)
  3 bullfrogs
  A big kobold (D:9)
  A water moccasin skeleton (D:6)
  A scorpion (D:5)
  A howler monkey (D:5)
  3 crimson imps
  2 hounds
  A bullfrog zombie (D:8)
  3 orc priests
  A centaur skeleton (D:8)
  An iguana (D:4)
  A human skeleton (D:6)
  2 hell rats (D:8)
  4 orc wizards
  12 gnolls
  A howler monkey skeleton (D:8)
  6 adders
  2 river rats (D:8)
  A shadow imp (D:7)
  2 oozes
  An adder skeleton (D:7)
  A worm (D:4)
  2 dart slugs (D:1)
  13 orcs
  3 giant cockroaches
  2 goblins
  2 hobgoblins
  9 jackals
  5 quokkas
  2 ball pythons
  4 bats
  4 frilled lizards
  A goblin skeleton (D:6)
  4 kobolds
  A quokka zombie (D:8)
  7 rats
128 creatures vanquished.

Action                   |  1- 3 |  4- 6 |  7- 9 | 10-12 || total
-------------------------+-------+-------+-------+-------++-------
Melee: Scythe            |       |       |     3 |       ||     3
Throw: Throwing net      |       |       |     4 |       ||     4
 Cast: Sandblast         |    42 |    77 |    71 |    15 ||   205
       Lee's Rapid Decon |       |       |    16 |       ||    16
       Stone Arrow       |       |       |    12 |     1 ||    13
       Petrify           |       |       |     4 |       ||     4
Evoke: Wand              |       |       |     4 |       ||     4
  Use: Scroll            |       |       |     9 |       ||     9
 Stab: Petrified         |       |       |     3 |       ||     3
  Eat: Chunk             |       |       |     7 |     1 ||     8
Armor: Robe              |     4 |     3 |     6 |     1 ||    14
Dodge: Dodged            |    11 |    21 |    21 |     6 ||    59

Vault maps used:
D:1:      dpeg_arrival_pond
D:2:      minitemple
D:5:      first_bread, st_stairs_9
D:6:      evilmike_ruin_ashenzari, dk_yredelemnul_ordeal, uniq_sigmund,
          uniq_menkaure
D:7:      chequers_temple_overflow_statue_of_worship
D:8:      dpeg_lair_monsters
D:9:      blue_anna_alchemist, bloody_makhleb
Lair:1:   wad_woods_structure_01, nicolae_volcano_entry_s_turn,
          minmay_lair_oklob_chamber
